[Event "42nd Olympiad Baku 2016 Open"]
[Site "Baku"]
[Date "2016.09.05"]
[Round "4.1"]
[White "Klaas Tokelo"]
[Black "Yee, Soon Wei"]
[Result "0-1"]
[ECO "A38"]
[WhiteElo "1663"]
[BlackElo "2293"]
[Annotator ""]
[PlyCount "104"]
[EventDate "2016.??.??"]
[EventCountry "AZE"]
[SourceTitle "playchess.com"]
[Source "ChessBase"]
[WhiteTeam "Lesotho"]
[BlackTeam "Brunei"]
[WhiteTeamCountry "LES"]
[BlackTeamCountry "BRN"]
[TimeControl "40/5400+30:1800+30"]

1. Nf3 {(00:11)} Nf6 {(00:12)} 2. c4 {(00:45)} g6 {
(01:06)} 3. Nc3 {(01:02)} c5 {(00:48)} 4. g3 {(00:
26)} Bg7 {(00:36)} 5. Bg2 {(00:09)} Nc6 {(00:18)} 6. O-O {
(00:14)} O-O {(00:17)} 7. e4 {(01:51)} d6 {(03:00)}
8. h3 {(04:34)} Ne8 {(02:20)} 9. d3 {(01:52)} Nc7 {
(00:35)} 10. Be3 {(02:01)} Ne6 {(00:23)} 11. Qd2 {(
00:58)} Ned4 {(01:00)} 12. Kh2 {(01:23)} Nxf3+ {(05:02)}
13. Bxf3 {(00:34)} Nd4 {(00:14)} 14. Bg2 {(00:51)} Rb8 {
(04:34)} 15. Rae1 {(05:45)} Bd7 {(04:29)} 16. Bh6 {
(01:40)} b5 {(02:15)} 17. Bxg7 {(08:40)} Kxg7 {(00:
06)} 18. Ne2 {(01:14)} bxc4 {(06:35)} 19. dxc4 {(02:39)}
e5 {(05:39)} 20. f4 {(04:20)} Qb6 {(02:02)} 21. b3 {
(04:17)} Qb4 {(02:53)} 22. Qc1 {(09:21)} a5 {(02:
03)} 23. Nc3 {(08:18)} Bc6 {(01:17)} 24. fxe5 {(01:47)}
dxe5 {(00:32)} 25. Ne2 {(12:32)} a4 {(01:43)} 26. Nxd4 {
(02:04)} cxd4 {(00:23)} 27. Rf3 {(02:54)} Qb7 {(03:
37)} 28. g4 {(06:08)} f6 {(04:48)} 29. Rg3 {(00:12)} h6 {
(01:48)} 30. Qc2 {(05:18)} Rf7 {(04:06)} 31. Rb1 {(
00:46)} Qe7 {(05:09)} 32. Qb2 {(03:09)} Qc5 {(02:33)} 33.
Qc2 {(01:13)} Rfb7 {(00:52)} 34. Rf1 {(02:04)} axb3 {
(06:20)} 35. axb3 {(00:08)} Ra7 {(01:17)} 36. Qf2 {
(00:03)} Qe7 {(01:02)} 37. Qc2 {(01:17)} Rba8 {(05:
13)} 38. Rb1 {(02:09)} Qb4 {(00:47)} 39. Rb2 {(01:27)} Ra1
{(00:30)} 40. Rf3 {(00:00)} Qe1 {(00:00)} 41. Rf1 {
(02:42)} Qe3 {(13:06)} 42. Rf2 {(15:43)} d3 {(02:
47)} 43. Qd2 {(00:50)} Qd4 {(00:30)} 44. Qb4 {(02:43)}
R1a7 {(01:22)} 45. Ra2 {(02:00)} Bxe4 {(03:44)} 46. Rxa7+
{(04:46)} Rxa7 {(00:14)} 47. Ra2 {(01:43)} Rb7 {(
04:01)} 48. Qd2 {(02:09)} Bxg2 {(01:24)} 49. Qxg2 {(01:23]
} e4 {(01:01)} 50. Qb2 {(00:02)} Qxb2+ {(01:08)} 51. Rxb2
{(00:07)} e3 {(00:19)} 52. Kg2 {(00:19)} d2 {(00:
14)} 0-1

[Event "42nd Olympiad Baku 2016 Open"]
[Site "Baku"]
[Date "2016.09.05"]
[Round "4.1"]
[White "Knowles, Kendrick"]
[Black "Mavuso, Lunga"]
[Result "1-0"]
[ECO "A80"]
[WhiteElo "1825"]
[BlackElo "1516"]
[Annotator ""]
[PlyCount "79"]
[EventDate "2016.??.??"]
[EventCountry "AZE"]
[SourceTitle "playchess.com"]
[Source "ChessBase"]
[WhiteTeam "Bahamas"]
[BlackTeam "SWZ"]
[WhiteTeamCountry "BAH"]
[TimeControl "40/5400+30:1800+30"]

1. d4 {(00:00)} f5 {(00:00)} 2. Nf3 Nf6 {(00:00)} 3. c4 {
(00:32)} e6 {(00:22)} 4. g3 {(00:28)} b6 {(02:21)}
5. Bg2 {(00:25)} Bb7 {(00:54)} 6. O-O {(00:10)} d6 {
(00:08)} 7. Nc3 {(02:06)} Be7 {(00:31)} 8. Qa4+ {(
05:17)} Bc6 {(01:45)} 9. Qb3 {(00:46)} Bb7 {(01:44)} 10.
Nb5 {(05:27)} O-O {(08:00)} 11. Qe3 {(05:02)} Ne4 {
(03:07)} 12. b3 {(02:37)} a6 {(02:03)} 13. Nc3 {(
00:28)} Nxc3 {(09:49)} 14. Qxc3 {(00:21)} c5 {(00:09)} 15.
Qe3 {(00:50)} Rf6 {(03:31)} 16. Bb2 {(00:30)} Rg6 {
(01:10)} 17. Rfd1 {(01:50)} Nc6 {(07:54)} 18. dxc5 {
(01:29)} bxc5 {(04:53)} 19. Ne5 {(08:36)} Nxe5 {(
09:36)} 20. Bxb7 {(00:28)} Ng4 {(00:15)} 21. Qf3 {(01:03)}
Ra7 {(02:09)} 22. h3 {(02:54)} Qc7 {(12:50)} 23. Bc6 {
(04:01)} Nf6 {(02:53)} 24. b4 {(03:29)} Ne4 {(07:
23)} 25. Be8 {(01:40)} Ng5 {(01:23)} 26. Qg2 {(02:06)} Rh6
{(00:17)} 27. h4 {(00:31)} Ne4 {(00:43)} 28. bxc5 {
(00:19)} Rb7 {(04:08)} 29. Bc1 {(01:02)} Rf6 {(04:
05)} 30. cxd6 {(00:56)} Bxd6 {(00:09)} 31. Bg5 {(01:39)}
Nxg5 {(01:51)} 32. hxg5 {(00:10)} Rf8 {(00:01)} 33. Bc6 {
(01:22)} Rb6 {(00:13)} 34. Ba4 {(01:03)} f4 {(00:
33)} 35. Qe4 {(02:53)} fxg3 {(01:04)} 36. f3 {(01:51)} Qf7
{(01:38)} 37. Kg2 {(00:52)} Rb2 {(00:35)} 38. Rxd6 {
(00:30)} Qxf3+ {(00:20)} 39. Qxf3 {(00:12)} Rxe2+ {
(00:04)} 40. Qxe2 {(00:00)} 1-0

[Event "42nd Olympiad Baku 2016 Open"]
[Site "Baku"]
[Date "2016.09.05"]
[Round "4.3"]
[White "Kobese, Watu"]
[Black "Kreisl, Robert"]
[Result "1/2-1/2"]
[ECO "B13"]
[WhiteElo "2350"]
[BlackElo "2448"]
[Annotator ""]
[PlyCount "80"]
[EventDate "2016.??.??"]
[EventCountry "AZE"]
[SourceTitle "playchess.com"]
[Source "ChessBase"]
[WhiteTeam "South Africa"]
[BlackTeam "Austria"]
[WhiteTeamCountry "RSA"]
[BlackTeamCountry "AUT"]
[TimeControl "40/5400+30:1800+30"]

1. e4 {(00:00)} c6 {(00:00)} 2. d4 {(00:00)} d5 {(
00:00)} 3. exd5 {(00:00)} cxd5 {(00:00)} 4. c4 {(00:01)}
Nf6 {(00:00)} 5. Nc3 {(00:06)} Nc6 {(00:00)} 6. Bg5 {
(00:08)} Be6 {(01:11)} 7. Be2 {(00:40)} Qa5 {(02:
31)} 8. Nf3 {(02:28)} dxc4 {(21:31)} 9. O-O {(00:51)} Rd8
{(00:17)} 10. Re1 {(00:29)} a6 {(00:56)} 11. Be3 {(
19:18)} Nd5 {(12:24)} 12. Ne4 {(00:39)} Nxe3 {(03:52)} 13.
fxe3 {(00:10)} Bf5 {(09:01)} 14. Nf2 {(14:30)} e6 {
(10:06)} 15. Bxc4 {(08:14)} Bb4 {(00:26)} 16. Re2 {
(05:30)} O-O {(00:27)} 17. Nh4 {(00:34)} Be7 {(01:
40)} 18. Nxf5 {(00:23)} Qxf5 {(00:18)} 19. Rc1 {(05:22)}
e5 {(05:29)} 20. d5 {(07:04)} e4 {(00:21)} 21. Qc2 {
(00:48)} Na5 {(03:49)} 22. Qxe4 {(02:45)} Qxe4 {(
00:08)} 23. Nxe4 {(00:05)} Nxc4 {(00:26)} 24. Rxc4 {(00:
09)} Rxd5 {(00:04)} 25. Rc7 {(02:06)} Re5 {(00:40)} 26.
Nd2 {(05:17)} b5 {(05:10)} 27. Nf3 {(03:59)} Re4 {(
04:22)} 28. Kf2 {(01:53)} Re8 {(00:30)} 29. Rc6 {(06:29)}
a5 {(04:41)} 30. b3 {(01:44)} g6 {(01:26)} 31. Nd4 {
(02:44)} Bg5 {(06:02)} 32. Nc2 {(02:01)} a4 {(03:
27)} 33. Rc5 {(01:13)} axb3 {(00:38)} 34. axb3 {(01:37)}
R4e5 {(01:07)} 35. Rxe5 {(00:37)} Rxe5 {(00:02)} 36. Nd4 {
(01:27)} Bf6 {(00:04)} 37. Rc2 {(02:16)} Rd5 {(01:
10)} 38. Rc8+ {(00:37)} Kg7 {(00:09)} 39. Rb8 {(00:06)}
Bxd4 {(02:40)} 40. exd4 {(00:00)} Rxd4 {(00:00)} 1/2-1/2

[Event "42nd Olympiad Baku 2016 Open"]
[Site "Baku"]
[Date "2016.09.05"]
[Round "4.17"]
[White "Kojima, Shinya"]
[Black "Santos da Costa, Jose Manuel"]
[Result "1-0"]
[ECO "D37"]
[WhiteElo "2398"]
[BlackElo "1960"]
[Annotator ""]
[PlyCount "61"]
[EventDate "2016.??.??"]
[EventCountry "AZE"]
[SourceTitle "playchess.com"]
[Source "ChessBase"]
[WhiteTeam "Japan"]
[BlackTeam "STP"]
[WhiteTeamCountry "JPN"]
[TimeControl "40/5400+30:1800+30"]

1. Nf3 {(00:00)} d5 {(00:00)} 2. d4 {(00:00)} Nf6 {
(00:00)} 3. c4 {(00:00)} e6 {(00:00)} 4. Nc3 {(00:
00)} Nbd7 {(00:00)} 5. cxd5 {(00:33)} exd5 {(00:06)} 6.
Bg5 {(00:06)} Be7 {(00:26)} 7. e3 {(00:17)} c6 {(
01:44)} 8. Qc2 {(00:20)} h6 {(05:57)} 9. Bh4 {(05:20)} Qa5
10. Bd3 {(01:37)} Bd6 {(09:35)} 11. O-O {(02:06)} O-O {
(00:32)} 12. a3 {(01:38)} Qc7 {(05:00)} 13. Rfc1 {(
02:37)} g5 {(00:40)} 14. Bg3 {(00:19)} Bxg3 {(00:04)} 15.
hxg3 {(00:23)} Qd6 {(00:07)} 16. b4 {(03:26)} a6 {(
00:14)} 17. Rab1 {(01:18)} Ng4 {(03:52)} 18. a4 {(08:46)}
Ndf6 {(00:34)} 19. b5 {(07:17)} Nh5 {(25:16)} 20. bxc6 {
(01:19)} bxc6 {(00:30)} 21. Ne2 {(03:50)} Bd7 {(00:
08)} 22. Rb6 {(04:27)} a5 {(00:20)} 23. Bf5 {(01:50)} Rfb8
{(02:04)} 24. Bxd7 {(03:08)} Rxb6 {(01:09)} 25. Bxg4 {
(00:08)} Nf6 {(00:05)} 26. Ne5 {(02:06)} Nxg4 {(01:
00)} 27. Nxg4 {(00:07)} Rab8 {(00:39)} 28. Qf5 {(00:57)}
Qe6 {(16:27)} 29. Nf6+ {(00:46)} Kg7 {(01:35)} 30. Qxe6 {
(00:19)} fxe6 {(00:05)} 31. Nd7 {(00:09)} 1-0

[Event "42nd Olympiad Baku 2016 Open"]
[Site "Baku"]
[Date "2016.09.05"]
[Round "4.3"]
[White "Korobov, Anton"]
[Black "Nepomniachtchi, Ian"]
[Result "0-1"]
[ECO "D94"]
[WhiteElo "2675"]
[BlackElo "2740"]
[Annotator ""]
[PlyCount "78"]
[EventDate "2016.??.??"]
[EventCountry "AZE"]
[SourceTitle "playchess.com"]
[Source "ChessBase"]
[WhiteTeam "Ukraine"]
[BlackTeam "Russia"]
[WhiteTeamCountry "UKR"]
[BlackTeamCountry "RUS"]
[TimeControl "40/5400+30:1800+30"]

1. d4 {(00:00)} Nf6 {(00:00)} 2. c4 {(00:00)} g6 {(
00:00)} 3. Nc3 {(00:00)} d5 {(00:00)} 4. Nf3 {(00:10)} Bg7
{(00:00)} 5. e3 {(00:09)} O-O {(01:22)} 6. Bd2 {(
00:07)} c6 {(07:15)} 7. Qb3 {(05:34)} e6 {(08:40)} 8. Bd3
{(00:14)} dxc4 {(02:59)} 9. Bxc4 {(01:06)} Nbd7 {(
01:27)} 10. O-O {(19:23)} c5 {(08:08)} 11. Rfd1 {(04:46)}
Qe7 {(00:15)} 12. Rac1 {(06:15)} b6 {(04:08)} 13. d5 {
(04:12)} exd5 {(00:05)} 14. Bxd5 {(07:44)} Rb8 {(
00:52)} 15. e4 {(00:51)} Ne5 {(02:50)} 16. Bf4 {(01:24)}
Nh5 {(07:27)} 17. Bxe5 {(02:07)} Bxe5 {(00:05)} 18. Nxe5 {
(00:15)} Qxe5 {(00:05)} 19. g3 {(04:35)} Bg4 {(03:
25)} 20. Rd2 {(02:05)} Qe7 {(00:53)} 21. f4 {(05:44)} Rbd8
{(00:19)} 22. e5 {(03:33)} Nf6 {(01:56)} 23. Rcc2 {
(21:52)} Nxd5 {(03:42)} 24. Nxd5 {(00:02)} Qe6 {(
00:10)} 25. Nf6+ {(00:57)} Kg7 {(00:09)} 26. Nxg4 {(01:00]
} Qxg4 {(00:34)} 27. Kg2 {(00:05)} Qf5 {(01:37)} 28. Kf3 {
(03:27)} h5 {(04:15)} 29. Qe3 {(00:37)} Qh3 {(08:
39)} 30. Qe2 {(01:08)} h4 {(01:33)} 31. Rxd8 {(02:05)}
hxg3 {(04:24)} 32. hxg3 {(00:06)} Rxd8 {(00:04)} 33. Rd2 {
(00:08)} Rh8 {(03:16)} 34. Rd1 {(01:22)} Qh5+ {(02:
57)} 35. g4 {(00:30)} Qh4 {(04:44)} 36. Ke4 {(01:12)} Qe7
{(00:25)} 37. Kd3 {(02:42)} Qd7+ {(01:27)} 38. Ke3 {
(01:02)} Rh3+ {(00:38)} 39. Ke4 {(00:11)} Qc6+ {(
00:11)} 0-1

[Event "42nd Olympiad Baku 2016 Open"]
[Site "Baku"]
[Date "2016.09.05"]
[Round "4.26"]
[White "Kovalenko, Igor"]
[Black "Kovalev, Vladislav"]
[Result "1/2-1/2"]
[ECO "C91"]
[WhiteElo "2651"]
[BlackElo "2599"]
[Annotator ""]
[PlyCount "123"]
[EventDate "2016.??.??"]
[EventCountry "AZE"]
[SourceTitle "playchess.com"]
[Source "ChessBase"]
[WhiteTeam "Latvia"]
[BlackTeam "Belarus"]
[WhiteTeamCountry "LAT"]
[BlackTeamCountry "BLR"]
[TimeControl "40/5400+30:1800+30"]

1. e4 {(00:00)} e5 {(00:12)} 2. Nf3 {(00:00)} Nc6 {
(00:07)} 3. Bb5 {(00:00)} a6 {(02:41)} 4. Ba4 {(00:
00)} Nf6 {(00:07)} 5. O-O {(00:00)} Be7 {(00:07)} 6. Re1 {
(00:00)} b5 {(00:08)} 7. Bb3 {(00:00)} d6 {(00:09)}
8. c3 {(00:00)} O-O {(00:11)} 9. d4 {(00:00)} Bg4 {
(00:10)} 10. Be3 {(00:00)} exd4 {(04:39)} 11. cxd4 {
(00:00)} Na5 {(00:07)} 12. Bc2 {(00:16)} c5 {(00:
27)} 13. Nbd2 {(08:41)} cxd4 {(01:28)} 14. Bxd4 {(00:03)}
Nc6 {(00:05)} 15. Be3 {(03:42)} Nd7 {(02:29)} 16. h3 {
(03:11)} Bh5 {(01:11)} 17. a3 {(29:00)} Bf6 {(17:
56)} 18. Qb1 {(00:49)} Bg6 {(07:16)} 19. Qa2 {(02:35)} Rc8
{(02:46)} 20. Rad1 {(08:33)} Qe7 {(07:38)} 21. Bb3 {
(07:29)} Nde5 {(08:55)} 22. Bd5 {(06:52)} Nd3 {(16:
26)} 23. Rf1 {(00:18)} Nxb2 {(06:01)} 24. Rc1 {(00:05)}
Na5 {(01:07)} 25. e5 {(05:41)} Bxe5 {(01:11)} 26. Nxe5 {
(00:49)} Qxe5 {(00:08)} 27. Nf3 {(00:03)} Qh5 {(01:
56)} 28. Rxc8 {(00:55)} Rxc8 {(00:06)} 29. Be6 {(00:04)}
Rc2 {(04:57)} 30. Bg4 {(00:13)} Nbc4 {(00:30)} 31. Qxc2 {
(00:08)} Qxg4 {(00:04)} 32. Qc3 {(00:38)} Qd7 {(02:
01)} 33. Rd1 {(05:19)} Nxe3 {(05:23)} 34. Qxe3 {(00:25)}
Nc4 {(00:32)} 35. Qc3 {(00:34)} h6 {(01:04)} 36. Nd4 {
(01:29)} Qc7 {(01:19)} 37. Qf3 {(02:34)} Kh7 {(01:
09)} 38. Nc6 {(03:40)} a5 {(02:41)} 39. Re1 {(00:34)} Ne5
{(03:07)} 40. Nxe5 {(00:00)} dxe5 {(00:00)} 41. Qb3 {
(09:17)} Qc5 {(05:41)} 42. Qe3 {(03:17)} Qxe3 {(01:
32)} 43. Rxe3 {(00:02)} f6 {(00:26)} 44. Rb3 {(00:03)} Be8
{(02:56)} 45. Rc3 {(00:38)} b4 {(02:39)} 46. axb4 {
(00:02)} axb4 {(00:03)} 47. Rb3 {(00:03)} g5 {(01:
19)} 48. Rxb4 {(00:06)} Kg6 {(00:41)} 49. Kf1 {(00:39)}
Bc6 {(02:40)} 50. Rb6 {(00:04)} Bd5 {(00:34)} 51. g3 {
(00:06)} h5 {(05:22)} 52. h4 {(00:03)} gxh4 {(01:
34)} 53. gxh4 {(00:04)} Bf3 {(01:29)} 54. Ke1 {(00:03)}
Kf5 {(00:28)} 55. Kd2 {(00:15)} e4 {(03:37)} 56. Ke3 {
(03:29)} Kg4 {(00:06)} 57. Rxf6 {(00:03)} Kxh4 {(
00:03)} 58. Rg6 {(00:30)} Kh3 {(01:13)} 59. Rg7 {(00:27)}
h4 {(02:54)} 60. Rh7 {(00:05)} Bg2 {(02:29)} 61. Ke2 {
(00:14)} Kg4 {(00:38)} 62. Rg7+ {(00:16)} 1/2-1/2

[Event "42nd Olympiad Baku 2016 Open"]
[Site "Baku"]
[Date "2016.09.05"]
[Round "4.3"]
[White "Kozul, Zdenko"]
[Black "Batchuluun, Tsegmed"]
[Result "0-1"]
[ECO "E04"]
[WhiteElo "2622"]
[BlackElo "2513"]
[Annotator ""]
[PlyCount "123"]
[EventDate "2016.??.??"]
[EventCountry "AZE"]
[SourceTitle "playchess.com"]
[Source "ChessBase"]
[WhiteTeam "Croatia"]
[BlackTeam "Mongolia"]
[WhiteTeamCountry "CRO"]
[BlackTeamCountry "MGL"]
[TimeControl "40/5400+30:1800+30"]

1. d4 {(00:00)} Nf6 {(00:00)} 2. c4 {(00:00)} e6 {(
00:02)} 3. g3 {(00:38)} d5 {(00:21)} 4. Bg2 {(00:07)} dxc4
{(00:23)} 5. Nf3 {(00:17)} Nc6 {(00:13)} 6. O-O {(
00:41)} Rb8 {(00:47)} 7. Nc3 {(01:08)} b5 {(00:59)} 8. Ne5
{(01:07)} Nxe5 {(00:21)} 9. dxe5 {(00:06)} Nd7 {(
00:18)} 10. Qc2 {(00:15)} Bb7 {(00:27)} 11. Bxb7 {(00:27)}
Rxb7 {(00:06)} 12. Rd1 {(00:13)} Qc8 {(00:28)} 13. Ne4 {
(00:17)} Nxe5 {(00:36)} 14. b3 {(00:20)} c5 {(01:
43)} 15. Bb2 {(26:55)} Qc7 {(00:08)} 16. Bxe5 {(05:14)}
Qxe5 {(00:08)} 17. bxc4 {(00:02)} f5 {(00:58)} 18. Nd2 {
(02:19)} Be7 {(00:22)} 19. cxb5 {(07:05)} Qxe2 {(
00:08)} 20. Re1 {(07:11)} Qxb5 {(00:08)} 21. Rxe6 {(00:40]
} O-O {(00:13)} 22. Rb1 {(10:45)} Qd7 {(03:35)} 23. Rxb7 {
(02:52)} Qxb7 {(01:45)} 24. Qc4 {(00:24)} Kh8 {(02:
43)} 25. Nb3 {(16:58)} h6 {(16:11)} 26. Qc3 {(05:28)} Kh7
{(10:45)} 27. Nxc5 {(02:46)} Bxc5 {(04:55)} 28. Qxc5 {
(00:06)} Qb1+ {(01:11)} 29. Kg2 {(00:08)} Qxa2 {(
00:33)} 30. Re5 {(06:53)} Kg8 {(12:54)} 31. Re7 {(01:22)}
Rf7 {(03:31)} 32. Re8+ {(00:10)} Kh7 {(00:06)} 33. Qc6 {
(00:50)} Qb3 {(02:18)} 34. Re5 {(01:24)} Qd3 {(08:
28)} 35. h4 {(00:53)} f4 {(00:35)} 36. Qe4+ {(01:14)}
Qxe4+ {(00:06)} 37. Rxe4 {(00:02)} fxg3 {(00:25)} 38. fxg3
{(00:04)} a5 {(00:23)} 39. h5 {(00:34)} Ra7 {(02:
14)} 40. Ra4 {(00:00)} Kg8 {(00:00)} 41. Kf3 {(05:51)} Kf7
{(00:15)} 42. g4 {(09:34)} Ke6 {(03:01)} 43. Ke4 {(
00:05)} Kd6 {(01:05)} 44. Kd4 {(00:13)} Ra8 {(04:43)} 45.
Kd3 {(01:40)} Kc5 {(05:13)} 46. Rc4+ {(02:36)} Kd6 {
(04:38)} 47. Ra4 {(00:07)} Ke5 {(00:40)} 48. Ke3 {(
00:08)} Ra7 {(00:24)} 49. Kf3 {(00:43)} Kd5 {(01:16)} 50.
Ke3 {(00:07)} Kc5 {(00:25)} 51. Kd3 {(01:39)} Kb5 {
(00:05)} 52. Rf4 {(03:36)} Rc7 {(07:01)} 53. g5 {(
02:22)} hxg5 {(00:05)} 54. Rf5+ {(00:09)} Kb4 {(00:09)}
55. Rxg5 {(00:22)} a4 {(00:04)} 56. Rg6 {(03:57)} a3 {
(01:56)} 57. h6 {(03:05)} gxh6 {(00:12)} 58. Rxh6 {
(00:08)} Ra7 {(03:18)} 59. Rb6+ {(01:21)} Kc5 {(00:
06)} 60. Rb1 {(00:16)} a2 {(00:04)} 61. Ra1 {(00:44)} Kb4
{(00:04)} 62. Kd4 0-1

[Event "42nd Olympiad Baku 2016 Open"]
[Site "Baku"]
[Date "2016.09.05"]
[Round "4.8"]
[White "Kwon, Sehyun"]
[Black "Shrestha, Bilam Lal"]
[Result "0-1"]
[ECO "C77"]
[WhiteElo "2111"]
[BlackElo "2017"]
[Annotator ""]
[PlyCount "66"]
[EventDate "2016.??.??"]
[EventCountry "AZE"]
[SourceTitle "playchess.com"]
[Source "ChessBase"]
[WhiteTeam "Korea"]
[BlackTeam "Nepal"]
[WhiteTeamCountry "KOR"]
[BlackTeamCountry "NEP"]
[TimeControl "40/5400+30:1800+30"]

1. e4 {(00:00)} e5 {(00:26)} 2. Nf3 {(00:10)} Nc6 {
(00:04)} 3. Bb5 {(00:10)} a6 {(00:13)} 4. Ba4 {(00:
12)} Nf6 {(00:13)} 5. d3 {(00:07)} b5 {(01:24)} 6. Bb3 {
(00:22)} Be7 {(00:03)} 7. O-O {(00:15)} O-O {(00:
04)} 8. a4 {(00:15)} b4 {(00:33)} 9. Re1 {(01:28)} d6 {
(00:34)} 10. Nbd2 {(00:28)} Na5 {(01:06)} 11. Ba2 {
(00:21)} c5 {(00:39)} 12. c3 {(00:21)} Rb8 {(00:27]
} 13. Nc4 {(05:36)} Bg4 {(04:06)} 14. h3 {(21:22)} Bh5 {
(05:31)} 15. Ne3 {(03:23)} b3 {(01:25)} 16. Bb1 {(
00:26)} Bg6 {(01:31)} 17. Bd2 {(05:12)} Qc7 {(02:38)} 18.
c4 {(08:13)} Nc6 {(01:16)} 19. Bc3 {(04:31)} Nd4 {(
01:06)} 20. Nd2 {(05:30)} Rb7 {(02:26)} 21. Ra3 {(01:18)}
Rfb8 {(00:59)} 22. Nd5 {(03:07)} Nxd5 {(00:43)} 23. exd5 {
(01:45)} Bg5 {(00:34)} 24. Nf1 {(07:48)} f5 {(01:
37)} 25. Bd2 {(03:20)} Qd8 {(03:07)} 26. Qc1 {(08:58)}
Bxd2 {(03:02)} 27. Nxd2 {(00:30)} Qh4 {(01:09)} 28. Kf1 {
(11:35)} Bh5 {(01:39)} 29. Re3 {(02:11)} g5 {(04:
53)} 30. Rg3 {(01:32)} Rg7 {(02:40)} 31. Qe1 {(04:28)} g4
{(01:24)} 32. Kg1 {(00:33)} f4 {(01:33)} 33. hxg4 {
(00:31)} fxg3 {(00:26)} 0-1

[Event "42nd Olympiad Baku 2016 Open"]
[Site "Baku"]
[Date "2016.09.05"]
[Round "4.6"]
[White "Ladva, Ottomar"]
[Black "Utegaliyev, Azamat"]
[Result "1/2-1/2"]
[ECO "A35"]
[WhiteElo "2501"]
[BlackElo "2513"]
[Annotator ""]
[PlyCount "122"]
[EventDate "2016.??.??"]
[EventCountry "AZE"]
[SourceTitle "playchess.com"]
[Source "ChessBase"]
[WhiteTeam "Estonia"]
[BlackTeam "Kazakhstan"]
[WhiteTeamCountry "EST"]
[BlackTeamCountry "KAZ"]
[TimeControl "40/5400+30:1800+30"]

1. Nf3 {(00:00)} Nf6 {(00:00)} 2. c4 {(00:00)} c5 {
(00:04)} 3. Nc3 {(00:08)} Nc6 {(00:05)} 4. e3 {(00:
45)} g6 {(02:20)} 5. d4 {(00:09)} cxd4 {(06:11)} 6. exd4 {
(00:02)} d5 {(00:03)} 7. cxd5 {(00:46)} Nxd5 {(00:
04)} 8. Qb3 {(00:41)} Nxc3 {(00:13)} 9. Bc4 {(00:23)} e6 {
(00:08)} 10. bxc3 {(00:09)} Bg7 {(00:03)} 11. Ba3 {
(01:12)} Bf8 {(01:37)} 12. Bxf8 {(04:27)} Kxf8 {(
00:39)} 13. O-O {(01:14)} Kg7 {(01:19)} 14. Bb5 {(06:18)}
Bd7 {(02:51)} 15. c4 {(04:33)} a6 {(07:46)} 16. Bxc6 {
(01:12)} Bxc6 {(00:23)} 17. Rfd1 {(03:09)} Bxf3 {(
00:14)} 18. Qxf3 {(00:09)} b5 {(00:10)} 19. c5 {(12:07)}
Qf6 {(01:23)} 20. Qc3 {(03:39)} Rhd8 {(02:15)} 21. a4 {
(00:16)} bxa4 {(01:42)} 22. Rxa4 {(01:15)} Rd5 {(
00:14)} 23. Qc4 {(12:01)} Qd8 {(11:20)} 24. h3 {(09:32)}
Rc8 {(06:40)} 25. Rxa6 {(09:10)} Rcxc5 {(04:21)} 26. dxc5
{(00:29)} Rxd1+ {(00:03)} 27. Kh2 {(00:05)} Qd2 {(
00:02)} 28. Ra2 {(11:38)} Rc1 {(17:00)} 29. Qb3 {(01:43)}
Qc3 {(04:33)} 30. Qxc3+ {(00:15)} Rxc3 {(00:01)} 31. Ra5 {
(00:09)} h5 {(00:02)} 32. h4 {(01:14)} Kf6 {(03:46]
} 33. g3 {(00:13)} Kf5 {(05:58)} 34. Ra7 {(01:53)} f6 {
(00:17)} 35. Rc7 {(00:27)} e5 {(00:04)} 36. c6 {(
00:31)} e4 {(00:45)} 37. Rc8 {(08:00)} Rc2 {(15:40)} 38.
Kg2 {(05:58)} e3 {(00:53)} 39. Kf3 {(01:31)} exf2 {
(02:02)} 40. Kg2 {(00:00)} Kg4 {(00:00)} 41. c7 {(
04:12)} Kf5 {(21:05)} 42. Kf1 {(01:48)} Kg4 {(02:28)} 43.
Rg8 {(02:22)} Rxc7 {(01:22)} 44. Rxg6+ {(00:02)} Kf5 {
(09:14)} 45. Rh6 {(00:04)} Rc2 {(00:10)} 46. Kg2 {(
01:27)} f1=N+ {(02:09)} 47. Kxf1 {(00:06)} Kg4 {(00:06)}
48. Rxf6 {(00:14)} Kxg3 {(00:04)} 49. Kg1 {(01:23)} Rg2+ {
(00:29)} 50. Kh1 {(00:18)} Rh2+ {(00:04)} 51. Kg1 {
(00:05)} Rxh4 {(00:03)} 52. Ra6 {(00:30)} Rb4 {(00:
16)} 53. Ra3+ {(00:05)} Kg4 {(00:02)} 54. Kh1 {(00:05)} h4
{(00:03)} 55. Kg1 {(00:04)} h3 {(00:08)} 56. Kh1 {(
00:05)} Rf4 {(00:12)} 57. Kg1 {(00:11)} Kh4 {(00:14)} 58.
Kh2 {(00:09)} Rf2+ {(00:03)} 59. Kg1 {(00:08)} Rg2+ {
(00:19)} 60. Kh1 {(00:02)} Kg4 {(00:14)} 61. Rxh3 {
(00:17)} Kxh3 {(00:04)} 1/2-1/2

[Event "42nd Olympiad Baku 2016 Open"]
[Site "Baku"]
[Date "2016.09.05"]
[Round "4.22"]
[White "L'Ami, Erwin"]
[Black "Howell, David W L"]
[Result "1-0"]
[ECO "D10"]
[WhiteElo "2611"]
[BlackElo "2665"]
[Annotator ""]
[PlyCount "95"]
[EventDate "2016.??.??"]
[EventCountry "AZE"]
[SourceTitle "playchess.com"]
[Source "ChessBase"]
[WhiteTeam "Netherlands"]
[BlackTeam "England"]
[WhiteTeamCountry "NED"]
[BlackTeamCountry "ENG"]
[TimeControl "40/5400+30:1800+30"]

1. d4 {(00:00)} d5 {(00:00)} 2. c4 {(00:00)} c6 {(
00:14)} 3. Nc3 {(00:55)} Nf6 {(00:43)} 4. cxd5 {(01:02)}
cxd5 {(00:09)} 5. Bf4 {(00:04)} Nc6 {(00:30)} 6. e3 {
(00:08)} Bf5 {(09:04)} 7. Qb3 {(00:40)} Na5 {(00:
26)} 8. Qa4+ {(00:18)} Bd7 {(00:07)} 9. Qc2 {(01:06)} Rc8
{(02:27)} 10. Bd3 {(03:52)} e6 {(05:29)} 11. Nf3 {(
01:29)} Nc6 {(13:16)} 12. a3 {(07:40)} Nh5 {(00:06)} 13.
Bg5 {(02:40)} Be7 {(20:04)} 14. Bxe7 {(10:06)} Qxe7 {
(00:14)} 15. O-O {(01:38)} Nf6 {(02:09)} 16. Rfc1 {
(05:46)} O-O {(01:01)} 17. b4 {(03:19)} e5 {(08:41]
} 18. b5 {(02:17)} Nxd4 {(03:30)} 19. exd4 {(13:14)} e4 {
(00:19)} 20. Ne5 {(02:18)} exd3 {(00:20)} 21. Qxd3 {
(00:09)} Be6 {(07:07)} 22. f3 {(10:08)} Ne8 {(05:
07)} 23. Ne2 {(04:12)} Nd6 {(02:39)} 24. Nf4 {(01:03)} f6
{(03:00)} 25. Ng4 {(01:46)} Bf7 {(07:44)} 26. Ne3 {
(01:55)} Qd7 {(00:11)} 27. a4 {(01:35)} Nc4 {(00:
32)} 28. Nfxd5 {(05:50)} Bxd5 {(08:12)} 29. Nxc4 {(00:15)}
Bf7 {(00:21)} 30. Ne3 {(01:29)} Rcd8 {(00:01)} 31. Rd1 {
(01:27)} Rfe8 {(00:02)} 32. Rac1 {(02:58)} Qe6 {(
01:37)} 33. Rc3 {(03:56)} Rd7 {(00:01)} 34. d5 {(01:42)}
Qe5 {(00:14)} 35. Qd4 {(00:17)} Qd6 {(01:19)} 36. Nf5 {
(02:29)} Qxd5 {(00:30)} 37. Nh6+ {(04:07)} gxh6 {(
00:05)} 38. Qg4+ {(00:06)} Kf8 {(00:28)} 39. Rxd5 {(00:38]
} Rxd5 {(00:03)} 40. Rc7 {(00:00)} Rd1+ {(00:00)} 41. Kf2
{(02:50)} Rd2+ {(11:41)} 42. Kg3 {(00:09)} Ree2 {(
00:05)} 43. Qc8+ {(03:43)} Be8 {(01:30)} 44. Qf5 {(04:34)}
Rxg2+ {(04:53)} 45. Kf4 {(00:09)} Rg7 {(00:46)} 46. Qc5+ {
(01:19)} Kg8 {(00:03)} 47. Rc8 {(00:17)} Kf7 {(00:
58)} 48. Qc4+ {(00:59)} 1-0